 Dungeon Sprint DCSS version 0.27.1-33-g824d729ab1 (webtiles) character file.

Game seed: 5423395068264565593

1481 manyhoops the Severer (level 8, -2/88 HPs)
             Began as a Hill Orc Berserker on Nov 26, 2021.
             Was an Elder of Trog.
             Slain by a demonic crawler (6 damage)
             ... in the Dungeon (Sprint I: "Red Sonja").
             The game lasted 00:01:56 (798 turns).

manyhoops the Severer (Hill Orc Berserker)           Turns: 798, Time: 00:01:57

Health: -2/88      AC:  7    Str: 22    XL:     8   Next: 79%
Magic:  8/8        EV: 11    Int:  7    God:    Trog [****..]
Gold:   415        SH:  0    Dex: 10    Spells: 7/7 levels left

rFire    . . .     SeeInvis .   a - +0 hand axe
rCold    . . .     Faith    .   (no shield)
rNeg     . . .     Spirit   .   d - +0 scale mail
rPois    .         Reflect  .   (no helmet)
rElec    .         Harm     .   (no cloak)
rCorr    .         Rampage  .   (no gloves)
Will     ++...     NoTele   +   (no boots)
Stlth    ..........             (no amulet)
HPRegen  1.24/turn              (no ring)
MPRegen  0.11/turn              (no ring)

@: strong-willed, on berserk cooldown, regenerating, slowed, very slow
A: no striking features
a: Renounce Religion, Berserk, Trog's Hand, Brothers in Arms


You were in the Dungeon.
You worshipped Trog.
Trog was greatly pleased with you.
You visited 1 branch You collected 415 gold pieces.

Inventory:

Hand Weapons
 a - a +0 hand axe (weapon)
Armour
 b - a +0 animal skin
 d - a +0 scale mail (worn)
Scrolls
 e - a scroll of immolation {unknown}
Potions
 c - a potion of curing
 f - 2 potions of magic
 g - a potion of berserk rage


   Skills:
 + Level 13.7 Fighting
 + Level 16.4 Axes
 + Level 7.1 Armour
 - Level 3.5 Dodging
 - Level 0.6 Stealth


You had 7 spell levels left.
You didn't know any spells.
Your spell library was empty.

Dungeon Overview and Level Annotations

Branches:
Dungeon (1/1)

Altars:
Cheibriados
Dithmenos
Elyvilon
Fedhas
Gozag
Hepliaklqana
Kikubaaqudgha
Makhleb
Nemelex Xobeh
Okawaru
Qazlal
Ru
Sif Muna
Trog
Uskayaw
Vehumet
Wu Jian
Xom
Yredelemnul
Zin
The Shining One
Jiyva
Lugonu

Shops:
D :


Message History

Unknown command.
You slash the demonic crawler!
The demonic crawler is moderately wounded.
Unknown command.
You hit the demonic crawler but do no damage.
The demonic crawler is moderately wounded.
Unknown command.
The demonic crawler hits you but does no damage. x2
The demonic crawler hits you.
* * * LOW HITPOINT WARNING * * *
The demonic crawler hits you.
* * * LOW HITPOINT WARNING * * *
The demonic crawler hits you.
* * * LOW HITPOINT WARNING * * *
The demonic crawler hits you.
* * * LOW HITPOINT WARNING * * *
There is an open door here.
You feel a strong urge to attack something.
You are no longer berserk.
You are exhausted.
You feel yourself slow down. The demonic crawler closely misses you.
The demonic crawler hits you but does no damage.
The demonic crawler hits you.
* * * LOW HITPOINT WARNING * * *
Blink to where?
Press: ? - help, Dir - move target
As you read the scroll of blinking, it crumbles to dust.
You fail to use your ability.
The demonic crawler hits you.
* * * LOW HITPOINT WARNING * * *
The demonic crawler hits you but does no damage.
The demonic crawler hits you.
* * * LOW HITPOINT WARNING * * *
There is an open door here.
You fail to use your ability.
The demonic crawler hits you.
* * * LOW HITPOINT WARNING * * *
The demonic crawler hits you.
* * * LOW HITPOINT WARNING * * *
The demonic crawler hits you.
You die...

########################
.#..)..#.)'..#__#s.')..#
.)..#..'..#..'..@ss#).†##+#
.#####'#####'#__####...'..#
.####..#...#(#### #####..+
.#__####..##.# +##
.#_____##'#_.+
⌠#_.∩...'..._#
##_..__##_.#'#
#_____###+#.# ####### ###


You could see 3 demonic crawlers.

Vanquished Creatures
  2 kobold demonologists (D)
  A demonic crawler (D)
  A slime creature (D)
  A yak (D)
  Sigmund (D)
  A floating eye (D)
  An ogre (D)
  A jelly (D)
  Ijyb (D)
10 creatures vanquished.

Notes
Turn   | Place    | Note
-------+----------+-------------------------------------------
     0 | D        | manyhoops the Hill Orc Berserker began the quest for the
                  | Orb.
     0 | D        | Reached XP level 1. HP: 19/19 MP: 1/1
     1 | D        | Noticed Ijyb
    10 | D        | Killed Ijyb
    11 | D        | Reached skill level 5 in Fighting
    11 | D        | Reached skill level 6 in Axes
    11 | D        | Reached XP level 2. HP: 29/29 MP: 2/2
    11 | D        | Reached XP level 3. HP: 36/36 MP: 3/3
    61 | D        | Noticed an ogre
    65 | D        | Killed an ogre
    66 | D        | Reached skill level 8 in Axes
    66 | D        | Reached XP level 4. HP: 33/47 MP: 4/4
   220 | D        | Noticed Sigmund
   244 | D        | Killed Sigmund
   244 | D        | Reached ** piety under Trog
   245 | D        | Reached skill level 11 in Axes
   245 | D        | Reached XP level 5. HP: 5/57 MP: 5/5
   245 | D        | Reached XP level 6. HP: 6/64 MP: 6/6
   581 | D        | Found an ornate altar of the Wu Jian Council.
   581 | D        | Found a shimmering blue altar of Sif Muna.
   583 | D        | Found a radiant altar of Vehumet.
   607 | D        | Found Dyfo's Book Emporium.
   607 | D        | Found an ancient bone altar of Kikubaaqudgha.
   607 | D        | Found a hazy altar of Hepliaklqana.
   607 | D        | Found a hide-covered altar of Uskayaw.
   607 | D        | Found a basalt altar of Yredelemnul.
   607 | D        | Found an opulent altar of Gozag.
   607 | D        | Found a snail-covered altar of Cheibriados.
   607 | D        | Found a sacrificial altar of Ru.
   607 | D        | Found a shadowy altar of Dithmenos.
   607 | D        | Noticed a yak
   615 | D        | Killed a yak
   616 | D        | Reached skill level 10 in Fighting
   616 | D        | Reached skill level 12 in Axes
   616 | D        | Reached skill level 5 in Armour
   616 | D        | Found a stormy altar of Qazlal.
   616 | D        | Found a blossoming altar of Fedhas.
   616 | D        | Found a bloodstained altar of Trog.
   616 | D        | Found an iron altar of Okawaru.
   616 | D        | Found a glowing golden altar of the Shining One.
   616 | D        | Found a glowing silver altar of Zin.
   616 | D        | Found a white marble altar of Elyvilon.
   617 | D        | Found a sparkling altar of Nemelex Xobeh.
   666 | D        | Found a burning altar of Makhleb.
   666 | D        | Found a viscous altar of Jiyva.
   666 | D        | Found a shimmering altar of Xom.
   666 | D        | Found a corrupted altar of Lugonu.
   666 | D        | Noticed a slime creature
   674 | D        | Killed a slime creature
   674 | D        | Reached *** piety under Trog
   675 | D        | Reached skill level 13 in Axes
   675 | D        | Reached XP level 7. HP: 75/75 MP: 7/7
   719 | D        | Noticed a kobold demonologist
   719 | D        | Noticed a kobold demonologist
   721 | D        | Paralysed by a floating eye for 2 turns
   724 | D        | Reached skill level 14 in Axes
   732 | D        | Noticed a hellwing
   734 | D        | Killed a kobold demonologist
   735 | D        | Reached skill level 15 in Axes
   735 | D        | Reached XP level 8. HP: 85/85 MP: 8/8
   735 | D        | Noticed a rust devil
   735 | D        | Killed a kobold demonologist
   735 | D        | Reached **** piety under Trog
   769 | D        | Noticed a demonic crawler
   769 | D        | Noticed a demonic crawler
   769 | D        | Noticed a demonic crawler
   769 | D        | Noticed a demonic crawler
   789 | D        | Killed a demonic crawler
   790 | D        | Reached skill level 16 in Axes
   798 | D        | HP: 4/88 [demonic crawler (6)]
   798 | D        | Slain by a demonic crawler

Illustrated notes

Levels and vault maps discovered:
D:        dungeon_sprint_1 [red_sonja_temple_1, red_sonja_temple_small_1]

Skill      XL: |  1  2  3  4  5  6  7  8 |
---------------+-------------------------+-----
Fighting       | 5 7 9 11 12 13 | 13.7
Axes           | 6 8 11 13 15 16 | 16.4
Armour         | 3 4 5 6 7 |  7.1
Dodging        | 2 3 |  3.5
Stealth        | |  0.6

Action                   |  1- 3 |  4- 6 |  7- 9 || total
-------------------------+-------+-------+-------++-------
Melee: Hand axe          |    11 |    33 |    33 ||    77
Invok: Berserk           |     2 |     3 |     2 ||     7
       Trog's Hand       |       |       |     2 ||     2
  Use: Potion            |       |     2 |       ||     2
       Scroll            |       |       |     1 ||     1
Armor: Scale mail        |       |     4 |    13 ||    17
Dodge: Dodged            |     3 |     4 |    21 ||    28
